 Dungeon Crawl Stone Soup version 0.30.1-11-g7821555f0a (webtiles) character file.

Game seed: 11160274800134078717

46 MrIGI the Insei (level 3, -1/29 HPs)
             Began as a Draconian Transmuter on Dec 13, 2023.
             Slain by a gnoll
             ... wielding a +0 whip of distortion
              (4 damage)
             ... on level 2 of the Dungeon.
             The game lasted 00:04:11 (1136 turns).

MrIGI the Insei (Draconian Transmuter)              Turns: 1136, Time: 00:04:12

Health: -1/29      AC:  5    Str: 12    XL:     3   Next: 44%
Magic:  12/15      EV: 12    Int: 13    God:
Gold:   46         SH:  0    Dex: 13    Spells: 3/6 levels left

rFire   . . .        d - +0 dagger (venom)
rCold   . . .        (no shield)
rNeg    . . .        (body armour unavailable)
rPois   .            (helmet restricted)
rElec   .            (no cloak)
rCorr   .            (no gloves)
SInv    .            (no boots)
Will    .....        (no amulet)
Stlth   ++           j - ring of magical power
HPRegen 0.24/turn    (no ring)
MPRegen 0.14/turn

%: no passive effects
@: lethally poisoned (-1 -> -2), wereblooded
A: AC +5, unfitting armour, cold-blooded
a: no special abilities


You were on level 2 of the Dungeon.
You visited 1 branch of the dungeon, and saw 2 of its levels.

You collected 46 gold pieces.

Inventory:

Hand Weapons
 c - a +0 dagger
 d - a +0 dagger of venom (weapon)
Jewellery
 j - a ring of magical power (left hand)
Scrolls
 e - a scroll of identify {unknown}
 f - a scroll of amnesia {unknown}
 g - a scroll of teleportation {unknown}
Potions
 a - 4 potions of lignification
 b - 3 potions of degeneration {unknown}
 h - a potion of invisibility {unknown}
 i - a potion of flight {unknown}
 k - a potion of heal wounds {unknown}
 l - a potion of attraction {unknown}


   Skills:
 * Level 2.1 Fighting
 - Level 1.7 Dodging
 * Level 1.5 Stealth
 - Level 3.0 Unarmed Combat
 + Level 2.3 Spellcasting
 * Level 2.5 Transmutations


You had 3 spell levels left.
You knew the following spells:

 Your Spells              Type           Power      Damage    Failure   Level
a - Beastly Appendage     Tmut           16%        N/A       9%          1
b - Wereblood             Tmut           8%         N/A       13%         2

Your spell library contained the following spells:

 Spells                   Type           Power      Damage    Failure   Level
 Spider Form              Tmut/Pois      4%         N/A       41%         3
 Ice Form                 Ice/Tmut       4%         N/A       82%         4


Dungeon Overview and Level Annotations

Branches:
Dungeon (2/15)

Altars:

Shops:
D:1 :


Innate Abilities, Weirdness & Mutations

Your plain brown scales are hard. (AC +5)
You cannot fit into any form of body armour.
You are cold-blooded and may be slowed by cold attacks.


Message History

The adder poisons you!
You have reached level 3!
Your experience leads to an increase in your attributes!
Increase (S)trength, (I)ntelligence, or (D)exterity?
You feel agile. x2; Your scales feel tougher.
You hit the adder.
The adder is poisoned.
You headbutt the adder.
The adder is severely wounded.
You feel sick. The adder bites you.
You are more poisoned.
The adder poisons you!
You barely miss the adder. Your kick misses the adder.
Your headbutt misses the adder.
The adder is severely wounded.
You feel sick. The adder bites you but does no damage. The adder misses you.
You hit the adder.
The adder looks as sick as possible!
Your kick misses the adder.
Your tail-slap misses the adder.
The adder is almost dead.
You feel sick. The adder bites you but does no damage.
You hit the adder but do no damage.
The adder looks as sick as possible!
Your kick misses the adder.
You tail-slap the adder, but do no damage.
The adder is almost dead.
Your horns disappear.
Your talons disappear.
You feel sick.
You feel a bit better.
You kill the adder!
A gnoll comes into view. It is wielding a +0 whip of distortion.
A gnoll comes into view. It is wielding a +0 whip.
You howl as the wereblood boils in your veins!
You feel sick.
You hit the gnoll.
The gnoll is lightly wounded.
You feel sick.
The gnoll hits you with a +0 whip of distortion.
Space warps horribly around you!
* * * LOW HITPOINT WARNING * * *
You hit the gnoll.
The gnoll is poisoned.
The gnoll is moderately wounded.
You feel sick.
The gnoll hits you with a +0 whip of distortion.
You die...

######### ...#
......... #..#
#..##.### #..#
...##.####
####..####.#
#...)....#
#..........#
#......###
###.##.#.###.#
#..##..#####...##.# #
#.......#....####.#.#
##.##.....####.g@.†.#
..........# #g##)###
#.......#.# .. #.#
#..####.#.#.# ..#
#..# #.... #.# ...#
#.#.## . #.# ...#
..... .. #.#
...####.#..... #.#
........ ....


You could see 2 gnolls.

Vanquished Creatures
  A gnoll (D:2)
  An adder (D:2)
  A dart slug (D:1)
  A bat (D:1)
  2 endoplasms
  A giant cockroach (D:1)
  3 goblins
  3 hobgoblins
  A kobold (D:1)
  A quokka (D:1)
  4 ball pythons
  2 frilled lizards (D:1)
  3 rats (D:1)
24 creatures vanquished.

Notes
Turn   | Place    | Note
-------+----------+-------------------------------------------
     0 | D:1      | MrIGI the Draconian Transmuter began the quest for the Orb.
     0 | D:1      | Reached XP level 1. HP: 16/16 MP: 3/3
   182 | D:1      | Reached XP level 2. HP: 23/23 MP: 5/5
   351 | D:1      | Found Plog's Book Boutique.
   402 | D:1      | Reached skill level 1 in Stealth
   794 | D:1      | Learned a level 2 spell: Wereblood
  1130 | D:2      | Reached XP level 3. HP: 24/29 MP: 6/6
  1136 | D:2      | Slain by a gnoll

Illustrated notes

Levels and vault maps discovered:
D:1:      tarquinn_simple_flora_water_b, layout_loops_corners, serial_shops,
          shop, nrook_loot_triangle, kennysheep_crisscross,
          minmay_misc_feat_tiny, kennysheep_decorative_pillar
D:2:      layout_basic, basic_ecumenical_altar, basic_altar,
          uniq_crazy_yiuf_cottage

Skill      XL: |  1  2 |
---------------+-------+-----
Stealth        | 1 |  1.5
Fighting       | 2 |  2.1
Dodging        | |  1.7
Unarmed Combat | |  3.0
Spellcasting   | |  2.3
Transmutations | |  2.5

Action                     || total
---------------------------++-------
  Melee: Unarmed           ||    30
         Dagger            ||    45
         Tailslap          ||     6
         Kick              ||     1
         Headbutt          ||     1
   Cast: Beastly Appendage ||     1
         Wereblood         ||     1
   Stab: Sleeping          ||     3
 Armour: Skin              ||    22
  Dodge: Dodged            ||    43
